 Dungeon Crawl Stone Soup version 0.28-a0-1152-g9c71ebef14 (webtiles) character file.

Game seed: 7728214090578357201

30 spaghetti the Sneak (level 3, -7/27 HPs)
             Began as an Octopode Delver on Dec 14, 2021.
             Mangled by a wyvern (12 damage)
             ... on level 6 of the Dungeon.
             The game lasted 00:00:32 (317 turns).

spaghetti the Sneak (Octopode Delver)                Turns: 317, Time: 00:00:32

Health: -7/27      AC:  1    Str: 11    XL:     3   Next: 20%
Magic:  3/3        EV: 13    Int: 14    God:
Gold:   0          SH:  0    Dex: 13    Spells: 2/2 levels left

rFire   . . .      SeeInvis .   g - +0 morningstar {mace}
rCold   . . .      Faith    .   (no shield)
rNeg    . . .      Spirit   .   (helmet restricted)
rPois   .          Reflect  .   (no amulet)
rElec   .          Harm     .   (no ring)
rCorr   .          Rampage  .   (no ring)
Will    .....                   (no ring)
Stlth   ++++......              (no ring)
HPRegen 0.09/turn               (no ring)
MPRegen 0.08/turn               (no ring)
                                (no ring)
                                (no ring)

@: no status effects
A: almost no armour, amphibious, 8 rings, camouflage 1, gelatinous body 1,
(nimble swimmer 1), tentacles
a: no special abilities


You were on level 6 of the Dungeon.
You visited 1 branch of the dungeon, and saw 2 of its levels.


Innate Abilities, Weirdness & Mutations

You cannot wear most types of armour.
You are amphibious.
You can wear up to eight rings at the same time.
Your skin changes colour to match your surroundings (Stealth+).
Your rubbery body absorbs attacks. (AC +1, EV +1)
((You are camouflaged near water. (Stealth+)))
You have tentacles for arms and can constrict up to eight enemies at once.


   Skills:
 + Level 4.2 Fighting
 - Level 2.0 Axes
 + Level 0.0(1.1) Maces & Flails
 - Level 2.0 Dodging
 - Level 6.6 Stealth


You had 2 spell levels left.
You didn't know any spells.
Your spell library was empty.

Inventory:

Hand Weapons
 a - a +0 hand axe {axe}
 g - a +0 morningstar (weapon) {mace}
   (You took it off an orc on level 6 of the Dungeon)
Wands
 f - a wand of digging (3)
Scrolls
 b - a scroll of fog
 c - a scroll of magic mapping {!r}
 d - a scroll of fear
Potions
 e - a potion of haste {@q3}

Dungeon Overview and Level Annotations

Branches:
Dungeon (6/15)
 Temple: D:4-7

Altars:

########
#...l@.#
#.####.#
#.#<##.#
#.#.##.#
#.#....#
#.รท...##
#####.#
#.# #.#


You could see a wyvern.


Message History

You climb downwards.
There is a stone staircase leading up here.
An orc is nearby!
Unknown command.
Unknown command.
A centaur skeleton comes into view.
The helpless orc fails to defend itself.
You hit the orc. You grab the orc. You constrict the orc.
The orc barely misses you.
You hit the orc but do no damage. Your squeeze misses the orc.
You constrict the orc.
The orc hits you with a +0 morningstar. ๐Ÿ˜• HP[-1]
You take 1 damage, and now have 15/16 hp.
Unknown command.
You completely miss the orc. You squeeze the orc.
You kill the orc! ๐Ÿ˜Ž HP[+1]
Your hp is fully restored (16).
The helpless centaur skeleton fails to defend itself.
You hit the centaur skeleton. The centaur skeleton hits you.
The centaur skeleton barely misses you. The centaur skeleton hits you.
The centaur skeleton kicks you.
* * * LOW HITPOINT WARNING * * *
๐Ÿ˜จ HP[-8]
You take 8 damage, and now have 8/16 hp.
MASSIVE DAMAGE!! (PAUSE) Unknown command.
Unknown command.
Okay, then.
You hit the centaur skeleton. The centaur skeleton barely misses you.
The centaur skeleton closely misses you.
The centaur skeleton barely misses you.
The centaur skeleton completely misses you.
Unknown command.
You hit the centaur skeleton. The centaur skeleton hits you.
* * * LOW HITPOINT WARNING * * *
The centaur skeleton closely misses you. ๐Ÿ˜จ HP[-1]
You take 1 damage, and now have 7/16 hp.
Unknown command.
Unknown command.
You slash the centaur skeleton! You squeeze the centaur skeleton.
The centaur skeleton closely misses you.
The centaur skeleton kicks you.
* * * LOW HITPOINT WARNING * * *
The centaur skeleton hits you.
* * * LOW HITPOINT WARNING * * *
The centaur skeleton kicks you.
* * * LOW HITPOINT WARNING * * *
๐Ÿ˜ฑ HP[-5]
You take 5 damage, and now have 2/16 hp.
MASSIVE DAMAGE!! (PAUSE) Unknown command.
You hit the centaur skeleton but do no damage.
The centaur skeleton barely misses you.
The centaur skeleton closely misses you.
You hit the centaur skeleton.
You destroy the centaur skeleton!
Your Fighting skill increases to level 4!
You have reached level 2!
You have reached level 3!
Your experience leads to an increase in your attributes!
Increase (S)trength, (I)ntelligence, or (D)exterity?
You feel clever. x2 ๐Ÿ˜ฑ HP[+2] MP[+2]
You now have 27 max hp (+11).
You regained 2 hp, and now have 4/27 hp.
Your mp is fully restored (3).
You start resting. ๐Ÿ˜Ž HP[+23]
Your hp is fully restored (27).
Things that are here:
a +0 morningstar {mace}; an orc skeleton
g - a +0 morningstar {mace}
g - a +0 morningstar (weapon)
{mace} Unknown command.
Unknown command.
Unknown command.
Setting a skill training target for Maces & Flails at 16.0.
Unknown command.
Unknown command.
A wyvern comes into view.
The helpless wyvern fails to defend itself.
You hit the wyvern but do no damage. The wyvern bites you!
The wyvern closely misses you. ๐Ÿ˜ฎ HP[-7]
You take 7 damage, and now have 20/27 hp.
MASSIVE DAMAGE!! (PAUSE) Unknown command.
Unknown command.
You barely miss the wyvern. The wyvern completely misses you.
The wyvern hisses menacingly.
The wyvern bites you!
Ouch! That really hurt!
* * * LOW HITPOINT WARNING * * *
๐Ÿ˜ฑ HP[-15]
You take 15 damage, and now have 5/27 hp.
MASSIVE DAMAGE!! (PAUSE)
You puncture the wyvern! You squeeze the wyvern. The wyvern bites you!
You die...

Skill      XL: |  1 |
---------------+----+-----
Fighting       | 4 |  4.2
Axes           | |  2.0
Dodging        | |  2.0
Stealth        | |  6.6

Action                   || total
-------------------------++-------
Melee: Hand axe          ||     9
       Tentacles         ||     3
       Constrict         ||     1
       Morningstar       ||     3
 Stab: Sleeping          ||     3
Dodge: Dodged            ||    12

Levels and vault maps discovered:
D:5:      layout_loops_ring
D:6:      layout_basic, minmay_temple_entry_fiery

Notes
Turn   | Place    | Note
-------+----------+-------------------------------------------
     0 | D:5      | spaghetti the Octopode Delver began the quest for the Orb.
     0 | D:5      | Reached XP level 1. HP: 16/16 MP: 1/1
     0 | D:5      | magus.rc [v1.9.6]
    20 | D:5      | Noticed an ogre
    45 | D:6      | HP: 4/16 [centaur skeleton (2)]
    48 | D:6      | Reached skill level 4 in Fighting
    48 | D:6      | Reached XP level 2. HP: 3/22 MP: 2/2
    48 | D:6      | Reached XP level 3. HP: 4/27 MP: 3/3
   313 | D:6      | Noticed a wyvern
   316 | D:6      | HP: 5/27 [wyvern (15)]
   317 | D:6      | Mangled by a wyvern

Vanquished Creatures
  A centaur skeleton (D:6)
  An orc (D:6)
2 creatures vanquished.

Table legend:
 A = Non-vault XP
 B = Vault XP
 C = Vault XP percentage of total XP
 D = Non-vault monster count
 E = Vault monster count
 F = Vault count percentage of total count
                 A         B        C        D         E       F
            +---------+---------+-------+---------+---------+-------
      Total |      44 |       0 |   0.0 |       2 |       0 |   0.0
            +---------+---------+-------+---------+---------+-------
        D:6 |      44 |       0 |   0.0 |       2 |       0 |   0.0
            +---------+---------+-------+---------+---------+-------

Illustrated notes

Table legend:
 A = Kills in this place as a percentage of kills in entire the game.
 B = Kills by you in this place as a percentage of kills by you in the entire game.
 C = Kills by friends in this place as a percentage of kills by friends in the entire game.
 D = Other kills in this place as a percentage of other kills in the entire game.
 E = Experience gained in this place as a percentage of experience gained in the entire game.
 F = Experience gained in this place divided by the number of levels of this place that you have seen.
                   A       B       C       D       E      F
               +-------+-------+-------+-------+-------+----------------------
         Total | 100.0 | 100.0 |   N/A |   N/A | 100.0 |  22.0
       Dungeon | 100.0 | 100.0 |   N/A |   N/A | 100.0 |  22.0
               +-------+-------+-------+-------+-------+----------------------

Table legend: (Time is in decaauts)
 A = Elapsed time spent in this place.
 B = Non-inter-level travel time spent in this place.
 C = Inter-level travel time spent in this place.
 D = Time resting spent in this place.
 E = Time spent auto-exploring this place.
 F = Levels seen in this place.
 G = Mean time per level.
                   A        B        C        D        E       F      G
               +--------+--------+--------+--------+--------+-----+--------+
         Total |    318 |    311 |      7 |    254 |     28 |   2 |  159.0 |
       Dungeon |    318 |    311 |      7 |    254 |     28 |   2 |  159.0 |
               +--------+--------+--------+--------+--------+-----+--------+

Top non-repeatable levels by time:
     D:6: 284 daAuts
     D:5: 34 daAuts
